 Dungeon Crawl Stone Soup version 0.32-a0-630-g46d191b0ed (webtiles) character file.

Game seed: 15685953763221796382

23 Alarak the Sneak (level 2, -1/19 HPs)
             Began as an Octopode Brigand on Mar 6, 2024.
             Constricted to death by a ball python (2 damage)
             ... on level 2 of the Dungeon.
             The game lasted 00:02:05 (832 turns).

Alarak the Sneak (Octopode Brigand)                  Turns: 832, Time: 00:02:06

Health: -1/19      AC:  1    Str: 10    XL:     2   Next: 95%
Magic:  2/2        EV:  2    Int: 13    God:
Gold:   95         SH:  0    Dex: 13    Spells: 1/1 levels left

rFire   + . .        a - +2 dagger
rCold   + . .        (no shield)
rNeg    . . .        (helmet restricted)
rPois   +            (no amulet)
rElec   +            (no ring)
rCorr   +            (no ring)
SInv    .            (no ring)
Will    .....        (no ring)
Stlth   ++++         (no ring)
HPRegen 0.23/turn    (no ring)
MPRegen 0.08/turn    (no ring)
                     (no ring)

%: no passive effects
@: resistant, constricted
A: almost no armour, amphibious, 8 rings, camouflage 1, gelatinous body 1,
(nimble swimmer 1), tentacles
a: no special abilities


You were on level 2 of the Dungeon.
You visited 1 branch of the dungeon, and saw 2 of its levels.

You collected 95 gold pieces.

Inventory:

Hand Weapons
 a - a +2 dagger (weapon)
Missiles
 b - 9 poisoned darts (quivered)
 c - 3 curare-tipped darts
Scrolls
 e - a scroll of butterflies {unknown}
 g - a scroll of brand weapon {unknown}
 h - 3 scrolls of teleportation
Potions
 f - a potion of curing {unknown}
 i - a potion of lignification {unknown}
 j - a potion of brilliance {unknown}


   Skills:
 - Level 2.0 Fighting
 - Level 2.0 Short Blades
 - Level 2.0 Throwing
 - Level 1.0 Dodging
 + Level 6.6 Stealth


You had one spell level left.
You didn't know any spells.
Your spell library was empty.

Dungeon Overview and Level Annotations

Branches:
Dungeon (2/15)

Altars:


Innate Abilities, Weirdness & Mutations

You cannot wear most types of armour.
You are amphibious.
You can wear up to eight rings at the same time.
Your skin changes colour to match your surroundings (Stealth+).
Your rubbery body absorbs attacks. (AC +1, EV +1)
((You are camouflaged when in or above water. (Stealth+)))
You have tentacles for arms and can constrict up to eight enemies at once.


Message History

You hit the kobold.
You kill the kobold!
No target in view!
j - a green potion A kobold comes into view.
It is wielding a +2 short sword of venom.
The kobold shouts!
You hear an angry hiss.
A rat comes into view.
A ball python comes into view.
The kobold hits you with a +2 short sword of venom.
You are poisoned.
You hit the kobold.
You kill the kobold!
You feel very sick.
You feel sick.
You feel sick.
The ball python attacks as it pursues you!
The ball python closely misses you. The ball python barely misses you.
You feel sick. The ball python barely misses you.
You feel sick.
You feel sick.
The ball python attacks as it pursues you!
The ball python bites you. The ball python closely misses you.
You hit the ball python. Your grab misses the ball python.
The ball python is moderately wounded.
You feel sick. The ball python closely misses you.
The ball python barely misses you.
You hit the ball python. Your grab misses the ball python.
The ball python is heavily wounded.
You feel sick.
You are no longer poisoned.
The ball python bites you.
* * * LOW HITPOINT WARNING * * *
The ball python closely misses you.
Unknown command.
You feel protected. The ball python bites you.
* * * LOW HITPOINT WARNING * * *
The ball python barely misses you. x2; The ball python grabs you.
The ball python constricts you.
You die...

.#..###.####......
#. . ###..# #######
######.#. #...##
......... #.###
........# #.#
........#######.#
........##......#
......).#..#######
..........rS@....#
........#.######...#
........#.# .
..........#
###########


You could see a ball python and a rat.

Vanquished Creatures
  A dart slug (D:1)
  An endoplasm (D:1)
  2 goblins
  A hobgoblin (D:1)
  5 kobolds
  3 quokkas (D:1)
  A ball python (D:1)
  2 bats (D:1)
  2 frilled lizards (D:1)
  A rat (D:1)
19 creatures vanquished.

Notes
Turn   | Place    | Note
-------+----------+-------------------------------------------
     0 | D:1      | Alarak the Octopode Brigand began the quest for the Orb.
     0 | D:1      | Reached XP level 1. HP: 14/14 MP: 1/1
     6 | D:1      | Noticed a polar bear
     6 | D:1      | Noticed a killer bee
     6 | D:1      | Noticed a hound
     7 | D:1      | Noticed a black mamba
     7 | D:1      | Noticed a wyvern
    76 | D:1      | Reached XP level 2. HP: 11/19 MP: 2/2
   117 | D:1      | Reached skill level 6 in Stealth
   832 | D:2      | Constricted to death by a ball python

Illustrated notes

Levels and vault maps discovered:
D:1:      onia_arrival_zoo_common, layout_basic
D:2:      layout_rooms

Skill      XL: |  1  2 |
---------------+-------+-----
Stealth        | 6 |  6.6
Fighting       | |  2.0
Short Blades   | |  2.0
Throwing       | |  2.0
Dodging        | |  1.0

Action                     || total
---------------------------++-------
  Melee: Dagger            ||    27
         Constrict         ||     5
         Tentacles         ||     3
    Use: Scroll            ||     4
         Potion            ||     1
   Stab: Sleeping          ||     9
 Armour: Skin              ||    12
  Dodge: Dodged            ||    11

Table legend: (Time is in decaauts)
 A = Elapsed time spent in this place.
 B = Non-inter-level travel time spent in this place.
 C = Inter-level travel time spent in this place.
 D = Time resting spent in this place.
 E = Time spent auto-exploring this place.
 F = Levels seen in this place.
 G = Mean time per level.
                   A        B        C        D        E       F      G
               +--------+--------+--------+--------+--------+-----+--------+
         Total |    830 |    775 |     55 |     55 |    572 |   2 |  415.0 |
       Dungeon |    830 |    775 |     55 |     55 |    572 |   2 |  415.0 |
               +--------+--------+--------+--------+--------+-----+--------+

Top non-repeatable levels by time:
     D:1: 669 daAuts
     D:2: 160 daAuts
